 Dungeon Crawl Stone Soup version 0.13.1-22-g086cdba (webtiles) character file.

3481 Kae the Agent of Entropy (level 9, -1/63 HPs)
             Began as a Demonspawn Abyssal Knight on Jan 2, 2014.
             Was a Priest of Lugonu.
             Slain by a komodo dragon zombie (3 damage)
             ... on Level 8 of the Dungeon.
             The game lasted 00:19:16 (12295 turns).

Kae the Agent of Entropy (DsAK)                    Turns: 12295, Time: 00:19:16

HP  -1/63        AC  6     Str 16      XL: 9   Next: 63%
MP  21/21        EV 11     Int 14      God: Lugonu [***...]
Gold 312         SH  0     Dex 15      Spells:  0 memorised,  8 levels left

Res.Fire  : . . .   See Invis. : .   y - +1 whip (flame)
Res.Cold  : . . .   Warding    : .   b - +0 leather armour
Life Prot.: . . .   Conserve   : .   (no shield)
Res.Poison: .       Res.Corr.  : .   g - +1 wizard hat
Res.Elec. : .       Clarity    : .   u - +0 cloak
Sust.Abil.: . .     Spirit.Shd : .   (gloves unavailable)
Res.Mut.  : .       Stasis     : .   t - +0 pair of boots
Res.Rott. : .       Flight     : .   (no amulet)
Saprovore : . . .                    (no ring)
                                     F - +3 ring of dexterity

@: slightly resistant to hostile enchantments, unstealthy
A: antennae 2, claws 3, hooves 1, spiny 1
a: Depart the Abyss, Bend Space, Banish, Renounce Religion


You were on level 8 of the Dungeon.
You worshipped Lugonu.
Lugonu was most pleased with you.
You were very hungry.

You visited 1 branch of the dungeon, and saw 8 of its levels.
You visited the Abyss 1 time.

You collected 292 gold pieces.

Inventory:

Hand weapons
 a - a +2,+2 mace
 v - a +1,+2 hammer of protection
 y - a +1,+1 whip of flaming (weapon)
Armour
 b - a +0 leather armour (worn)
 g - a +1 wizard hat (worn)
 k - a +0 steam dragon hide
 t - a +0 pair of boots (worn)
 u - a +0 cloak (worn)
 z - a +0 pair of boots
Magical devices
 C - a wand of draining (9) {unknown}
 D - a wand of disintegration (22)
 I - a wand of confusion (11) {unknown}
Comestibles
 c - 6 bread rations
 l - a royal jelly
 s - 2 meat rations
 x - a pear
 A - a sausage
 B - a snozzcumber
 E - a lemon
 G - 3 beef jerkies
 N - 9 cheeses
Scrolls
 f - 2 scrolls of enchant weapon II
 i - 4 scrolls of remove curse
 j - a scroll of teleportation
 m - a scroll of magic mapping
 o - 5 scrolls of identify
 q - a scroll of blinking
Jewellery
 e - a cursed ring of teleportation {unknown}
 F - a +3 ring of dexterity (left claw)
Potions
 d - 2 potions of mutation {unknown}
 h - 2 potions of curing
 n - 4 potions of restore abilities
 p - a potion of heal wounds {unknown}
 r - 2 potions of speed {unknown}
 w - a potion of brilliance {unknown}
 H - a potion of slowing {unknown}
 J - a potion of blood {unknown}
 M - a potion of degeneration {unknown}


   Skills:
 - Level 3.0 Fighting
 * Level 10.3 Maces & Flails
 - Level 1.7 Armour
 - Level 0.8 Dodging
 + Level 10.4 Invocations


You had 8 spell levels left.
You didn't know any spells.

Dungeon Overview and Level Annotations

Branches:
Dungeon (8/27)             Temple (0/1) D:6             Orc (0/4) D:6
   Lair: D:8-13

Altars:

Annotations:
D:4 Sigmund
Abyss:1 Edmund


Innate Abilities, Weirdness & Mutations

You have a pair of antennae on your head.
You have claws for hands.
You have large cloven feet.
You are partially covered in sharp spines.


Message History

You barely miss the komodo dragon zombie.
You hit the komodo dragon zombie. You burn the komodo dragon zombie.
You kick the komodo dragon zombie, but do no damage.
The komodo dragon zombie bites you but does no damage.
You hit the komodo dragon zombie. You burn the komodo dragon zombie.
Your kick misses the komodo dragon zombie.
You hit the komodo dragon zombie but do no damage.
You kick the komodo dragon zombie. The komodo dragon zombie bites you!
* * * LOW HITPOINT WARNING * * *
You barely miss the komodo dragon zombie.
You kick the komodo dragon zombie.
You hit the komodo dragon zombie but do no damage.
Your kick misses the komodo dragon zombie.
The komodo dragon zombie bites you!
* * * LOW HITPOINT WARNING * * *
You hit the komodo dragon zombie. You burn the komodo dragon zombie.
You hit the komodo dragon zombie. You burn the komodo dragon zombie.
You kick the komodo dragon zombie, but do no damage.
The komodo dragon zombie bites you.
You die...

#...#.....##.#.#...........
####...#......................
#........######.#.###########.
#........######.#.# #.
#......Z..........# #.
#####..#{######.### #. #..#.#
#.#############.
#.Z#.######...............
#..#....Z@<...............
#..#######......#########.
#..# #....[.# #. #..#
#......#########. #..#
#................ #..#
#......#########.
####..#######......# #.
#..........##......# #.
#..........##......### #.


You could see a komodo dragon zombie.

Vanquished Creatures
  Pikel (D:5)
  A yak (D:7)
  A hippogriff (D:8)
  A steam dragon (D:7)
  A human (D:7)
  2 sky beasts
  2 centaurs (D:6)
  An ice beast (D:6)
  An ogre (D:8)
  A slave (D:6)
  2 giant frogs
  Blork the orc (D:6)
  A manticore zombie (D:8)
  A giant frog zombie (D:5)
  3 crimson imps
  A hound (D:6)
  A jelly (D:7)
  Crazy Yiuf (D:4)
  A quasit (D:3)
  2 iguanas
  A centaur skeleton (D:7)
  3 orc priests
  3 scorpions
  3 worker ants
  Ijyb (D:6)
  3 sheep
  An ogre skeleton (D:6)
  A worker ant zombie (D:3)
  4 gnolls (D:8)
  5 adders
  An inept feature mimic (D:5)
  A giant mite (D:4)
  3 worms
  2 giant eyeballs
  5 giant geckos
  An ooze (D:2)
  17 orcs
  2 ball pythons
  A bat zombie (D:5)
  5 giant cockroaches
  12 hobgoblins
  10 jackals
  14 kobolds
  3 quokkas
  9 bats
  6 giant newts
  2 giant spores (D:8)
  5 goblins
  A kobold skeleton (D:5)
  12 rats
  A rat zombie (D:8)
  3 ballistomycetes (D:8)
  A butterfly (D:6)
168 creatures vanquished.

Vanquished Creatures (others)
  2 orc warriors
  3 slaves (D:6)
  2 ogres
  The ghost of Kae the Insei, a weakling DrTm (D:3)
  A worker ant (D:4)
  An orc (D:6)
  A quokka (D:6)
  2 butterflies (D:6)
13 creatures vanquished.

Grand Total: 181 creatures vanquished

Notes
Turn   | Place    | Note
--------------------------------------------------------------
     0 | Abyss:1  | Kae, the Demonspawn Abyssal Knight, began the quest for the Orb.
     0 | Abyss:1  | Reached XP level 1. HP: 16/16 MP: 1/1
    59 | D:1      | Escaped the Abyss
   172 | D:1      | Gained mutation: You have large cloven feet. [demonic ancestry]
   172 | D:1      | Reached XP level 2. HP: 16/22 MP: 3/3
   226 | D:1      | Acquired Lugonu's second power
  1073 | D:2      | Gained mutation: You have a pair of small antennae on your head. [demonic ancestry]
  1073 | D:2      | Reached XP level 3. HP: 25/28 MP: 4/4
  1847 | D:2      | Reached skill level 4 in Invocations
  1858 | D:2      | Acquired Lugonu's third power
  1900 | D:3      | Noticed Kae's ghost (weakling DrTm)
  2362 | D:3      | Gained mutation: You have sharp fingernails. [demonic ancestry]
  2362 | D:3      | Reached XP level 4. HP: 30/34 MP: 6/6
  3314 | D:3      | Banished Kae's ghost
  3327 | D:3      | Gained mutation: You have very sharp fingernails. [demonic ancestry]
  3327 | D:3      | Reached XP level 5. HP: 27/39 MP: 3/8
  4375 | D:4      | Noticed an ogre
  4379 | D:4      | Banished an ogre
  4379 | D:4      | Reached skill level 5 in Invocations
  4549 | D:4      | HP: 1/39 [poisoned by a worker ant]
  4768 | D:4      | Noticed Edmund
  4772 | D:4      | Gained mutation: You have a pair of antennae on your head. [demonic ancestry]
  4772 | D:4      | Reached XP level 6. HP: 46/46 MP: 11/11
  4783 | D:4      | Banished Edmund
  4783 | D:4      | Reached skill level 5 in Maces & Flails
  5279 | D:4      | Noticed Crazy Yiuf
  5294 | D:4      | Killed Crazy Yiuf
  5569 | D:4      | Noticed Sigmund
  6059 | D:5      | Entered Level 5 of the Dungeon
  6519 | D:5      | Paralysed by a giant eyeball for 3 turns
  6545 | D:5      | Reached skill level 6 in Invocations
  6545 | D:5      | Reached XP level 7. HP: 46/51 MP: 12/14
  7130 | D:6      | Noticed Pikel
  7175 | D:5      | Killed Pikel
  7175 | D:5      | Reached skill level 7 in Maces & Flails
  7175 | D:5      | Gained mutation: You have claws for hands. [demonic ancestry]
  7175 | D:5      | Reached XP level 8. HP: 18/58 MP: 15/17
  7850 | D:6      | Found a staircase to the Ecumenical Temple.
  7934 | D:6      | Reached skill level 8 in Invocations
  8547 | D:6      | Found a staircase to the Orcish Mines.
  8766 | D:6      | Noticed Ijyb
  8777 | D:6      | Killed Ijyb
  8827 | D:6      | Noticed Blork the orc
  8840 | D:6      | Killed Blork the orc
  9394 | D:7      | Reached skill level 9 in Invocations
  9880 | D:7      | Gained mutation: You are partially covered in sharp spines. [demonic ancestry]
  9880 | D:7      | Reached XP level 9. HP: 30/63 MP: 20/20
 11010 | D:8      | Acquired Lugonu's fourth power
 11010 | D:8      | Reached skill level 10 in Invocations
 11263 | D:8      | Reached skill level 10 in Maces & Flails
 12293 | D:8      | HP: 2/63 [komodo dragon zombie (17)]
 12295 | D:8      | Slain by a komodo dragon zombie

Action                   |  1- 3 |  4- 6 |  7- 9 || total
-------------------------+-------+-------+-------++-------
Melee: Mace              |    86 |   126 |       ||   212
       Morningstar       |    70 |    19 |     2 ||    91
       Hammer            |       |    50 |    56 ||   106
       Whip              |       |       |   455 ||   455
Invok: Banish            |       |     7 |     3 ||    10
Evoke: Wand              |       |       |     2 ||     2
  Use: Scroll            |       |     3 |    10 ||    13
       Potion            |       |     2 |     1 ||     3
 Stab: Sleeping          |     1 |       |       ||     1
